 Dungeon Crawl Stone Soup version 0.32-a0-7-ge934b4519a (webtiles) character file.

Game seed: 4553052715552296566

30723 runemasterragnar the Demolition Demonspawn (level 13, -3/101 HPs)
             Began as a Demonspawn Shapeshifter on Jan 13, 2024.
             Was an Elder of Makhleb.
             Slain by a demonspawn (9 damage)
             ... on level 2 of the Orcish Mines.
             The game lasted 00:39:05 (18682 turns).

runemasterragnar the Demolition Demonspawn (DsSh)  Turns: 18682, Time: 00:39:05

Health: -3/101     AC: 17    Str: 22    XL:     13   Next: 22%
Magic:  21/21      EV:  9    Int: 15    God:    Makhleb [****..]
Gold:   1087       SH:  0    Dex: 12    Spells: 12/12 levels left

rFire   . . .        M - +9 sword of Zonguldrok {reap}
rCold   . . .        (no shield)
rNeg    . . .        e - +6 chain mail of Gozag {+Blink Str+2}
rPois   +            (helmet currently unavailable)
rElec   +            (cloak currently unavailable)
rCorr   .            (gloves currently unavailable)
SInv    +            (boots currently unavailable)
Will    .....        l - amulet of the Air {Inacc Air Fly rElec RMsl} Stlth
                     E - ring of poison resistance
HPRegen 0.36/turn    F - ring of see invisible
MPRegen 0.17/turn

%: inaccuracy (-5), repel missiles
@: beast-form, flying
A: beast (slay +3), horns 2, powered by pain 2, spiny 2, big brain 2
a: Begin Untransformation, Renounce Religion, Evoke Blink, Minor Destruction,
Lesser Servant of Makhleb, Major Destruction


You were on level 2 of the Orcish Mines.
You worshipped Makhleb.
Makhleb was greatly pleased with you.
You were a hulking beast.
You visited 4 branches of the dungeon, and saw 16 of its levels.
You also visited: Bailey.

You collected 1231 gold pieces.
You spent 144 gold pieces at shops.

Inventory:

Hand Weapons
 o - the +3 sling of the Curious Servitors {flame, rCorr}
   (You found it on level 4 of the Dungeon)

   rCorr:     It protects you from acid and corrosion.
 K - a -1 demon whip of venom
 M - the +9 sword of Zonguldrok (weapon) {reap}
   (You took it off a spriggan in a bailey)
 N - a +1 spectral quarterstaff
 S - a +2 scimitar of flaming
Armour
 a - a +0 animal skin
 b - a +0 pair of boots
 e - the +6 chain mail of Gozag (worn) {+Blink Str+2}
   (You found it on level 3 of the Dungeon)

   Str+2:     It affects your strength (+2).
   +Blink:    It lets you blink.
 f - a +0 helmet
 i - a +0 ring mail
 p - an orb of light
 t - a +3 plate armour of fire resistance
 y - a +0 kite shield
 G - a scarf of repulsion
Jewellery
 h - a ring of protection from fire
 k - a ring of positive energy
 l - the amulet of the Air (around neck) {Inacc Air Fly rElec RMsl}
   (You found it on level 3 of the Dungeon)

   [amulet of nothing]

   Inacc:     It reduces the accuracy of your attacks and spells.
   Air:       It enhances your air magic.
   rElec:     It insulates you from electricity.
   Fly:       It grants you flight.
   RMsl:      It protects you from missiles.
 v - a +6 ring of dexterity
 E - a ring of poison resistance (left hand)
 F - a ring of see invisible (right hand)
Talismans
 c - a beast talisman
 d - a flux talisman
Wands
 g - a wand of digging (2)
 z - a wand of mindburst (1)
 C - a wand of charming (4)
 J - a wand of flame (31)
 Q - a wand of polymorph (7)
Scrolls
 q - a scroll of fog
 r - a scroll of poison
 s - 3 scrolls of immolation
 u - a scroll of enchant armour
 x - 2 scrolls of revelation
 A - 2 scrolls of teleportation
 D - a scroll of identify
 I - 2 scrolls of torment
 L - a scroll of enchant weapon
 P - a scroll of amnesia
Potions
 j - 6 potions of curing
 m - a potion of degeneration
 n - 2 potions of cancellation
 B - 3 potions of enlightenment
 O - a potion of brilliance
 R - 2 potions of attraction
Miscellaneous
 w - a box of beasts (inert)


   Skills:
 + Level 9.5 Fighting
 * Level 8.9 Long Blades
 - Level 4.4 Ranged Weapons
 + Level 8.4 Armour
 - Level 1.7 Dodging
 - Level 6.5 Unarmed Combat
 + Level 10.9 Invocations
 + Level 9.0 Evocations
 - Level 6.0 Shapeshifting


You had 12 spell levels left.
You didn't know any spells.
Your spell library contained the following spells:

 Spells                   Type           Power      Damage    Failure   Level
 Lesser Beckoning         Tloc           0%         N/A       91%         2
 Scorch                   Fire           0%         2d5       91%         2
 Sublimation of Blood     Necr           0%         N/A       91%         2
 Gell's Gravitas          Tloc           0%         N/A       99%         3
 Hailstorm                Conj/Ice       0%         3d5       99%         3
 Stone Arrow              Conj/Erth      0%         3d7       99%         3
 Summon Ice Beast         Ice/Summ       0%         N/A       99%         3
 Teleport Other           Tloc           0%         N/A       99%         3
 Animate Armour           Summ/Erth      0%         N/A       100%        4
 Flame Wave               Conj/Fire      0%         2d4       100%        4
 Petrify                  Alch/Erth      0%         N/A       100%        4
 Irradiate                Conj/Alch      0%         3d11      100%        5
 Sculpt Simulacrum        Ice/Alch       0%         N/A       100%        6
 Summon Cactus Giant      Summ           0%         N/A       100%        6
 Haunt                    Necr/Summ      0%         N/A       100%        7
 Borgnjor's Revivificati  Necr           0%         N/A       100%        8
 Lehudib's Crystal Spear  Conj/Erth      0%         10d2      100%        8
 Death's Door             Necr           0%         N/A       100%        9


Dungeon Overview and Level Annotations

Branches:
Dungeon (12/15)            Temple (1/1) D:5            Lair (1/5) D:10
    Orc (2/2) D:10            Elf (0/3) Orc:2        Bailey (visited)

Altars:
Ashenzari
Cheibriados
Dithmenos
Fedhas
Gozag
Hepliaklqana
Kikubaaqudgha
Makhleb
Nemelex Xobeh
Okawaru
Qazlal
Ru
Sif Muna
Trog
Uskayaw
Vehumet
Wu Jian
Xom
Yredelemnul

Shops:
D:2 *(?   D:3 ?   D:7 ?   D:8 [[   D:12 (   Orc:2 ?*

Annotations:
D:9 Jeremiah
D:10 3 runed translucent doors, knightboat's ghost, journeyman DEEE
D:11 3 runed translucent doors, ojifijod's ghost, novice FoFi


Innate Abilities, Weirdness & Mutations

You are a hulking beast.
Your limbs bulge with bestial killing power. (Slay +3)
You have a pair of horns on your head.
You sometimes gain power by taking damage.
You are mostly covered in sharp spines.
You have an extremely huge brain. (Int +4)


Message History

The demonspawn claws you. The demonspawn gores you.
Unknown command.
You miss the demonspawn. Your headbutt misses the demonspawn.
The demonspawn is heavily wounded.
The demonspawn misses you.
The demonspawn claws you but does no damage.
The demonspawn gores you.
You barely miss the demonspawn. Your punch misses the demonspawn.
The demonspawn is heavily wounded.
The demonspawn hits you but does no damage.
The demonspawn claws you! The demonspawn gores you.
You miss the demonspawn. Your headbutt misses the demonspawn.
The demonspawn is heavily wounded.
The demonspawn hits you but does no damage.
The demonspawn closely misses you. The demonspawn gores you!
* * * LOW HITPOINT WARNING * * *
The demonspawn hits you.
* * * LOW HITPOINT WARNING * * *
The demonspawn claws you.
* * * LOW HITPOINT WARNING * * *
The demonspawn gores you but does no damage.
Okay, then.
Aiming: Mindburst
Press: ? - help, Shift-Dir - straight line, f - demonspawn
Aim: a demonspawn (heavily wounded, chance to affect: 77%)
The demonspawn's mind is blasted!!
The demonspawn is struck by your spines.
The demonspawn hits you but does no damage.
The demonspawn claws you but does no damage.
The demonspawn closely misses you.
Unknown command.
Aiming: Mindburst
Press: ? - help, Shift-Dir - straight line, f/p - demonspawn
Aim: a demonspawn (almost dead, chance to affect: 77%)
The demonspawn barely resists.
The demonspawn is struck by your spines.
The demonspawn hits you!
* * * LOW HITPOINT WARNING * * *
The demonspawn claws you!
You die...

#.............#.## ##.....##
##...............# ##∩.∩##
##.......#...#.## ##.##
##...#.........## ###
...............##
...#.##.........#
.##.............### ###
###..##......#.##6### #.#
###.#.........##h#..# ##.#
#.#...#.......####..## ##...
......##..#.).#.#..<.### ###....
........##)).#.........# #......
..........#)###........# #......
....#....#...#.....[...####......
....#.....#..............##....##
....##......)....#.......#....###
<.#.##...........#####.......####


You could see a demonspawn.

Vanquished Creatures
  Snorg (Orc:2)
  Erolcha (D:9)
  3 two-headed ogres
  2 orc high priests (Orc:2)
  A soul eater (Orc:2)
  Amaemon (D:11)
  Pikel (D:9)
  An orc knight (Orc:2)
  4 orc sorcerers (Orc:2)
  Maurice (Orc:2)
  3 kobold blastminers (Orc:2)
  2 guardian serpents (D:11)
  An efreet (D:9)
  An unseen horror (D:10)
  A komodo dragon (D:11)
  3 hornets
  3 trolls
  Grinder (D:6)
  6 slime creatures (D:12)
  4 spriggans (Bailey)
  A wraith (D:11)
  19 yaks
  3 steam dragons
  A basilisk (D:12)
  3 wargs
  8 vampire mosquitoes
  Menkaure (D:4)
  Edmund (D:5)
  4 water moccasins
  An acid dragon (D:11)
  27 orc warriors
  A black bear (D:7)
  A sky beast (D:7)
  8 ogres
  6 centaurs
  A lemure (D:9)
  A phantom (D:7)
  2 kobold brigands
  4 bullfrogs
  7 scorpions
  A killer bee (D:4)
  2 electric eels (D:9)
  5 howler monkeys
  2 bombardier beetles (D:6)
  2 jellies
  25 orc priests
  5 hounds
  4 iguanas
  A sleepcap (D:6)
  Natasha (thrice) (D:4)
  15 orc wizards
  3 gnolls (D:7)
  5 adders
  A shadow imp (D:4)
  4 ufetubi (D:5)
  3 ribbon worms
  A dart slug (D:1)
  58 orcs
  6 bats
  7 endoplasms
  4 giant cockroaches
  2 goblins (D:4)
  7 hobgoblins
  9 jackals
  14 kobolds
  4 quokkas
  5 ball pythons
  2 frilled lizards
341 creatures vanquished.

Vanquished Creatures (collateral kills)
  A hydra (D:11)
  Nergalle (D:11)
  2 kobold blastminers (Orc:2)
  2 orange demons
  A red devil (Orc:2)
  3 slime creatures
  A yak (D:11)
  A wraith (D:12)
  A neqoxec (Orc:2)
  A vampire mosquito (D:11)
  2 orc warriors
  A centaur (D:9)
  A gnoll sergeant (D:7)
  4 howler monkeys
  6 orc priests (Orc:2)
  2 orc wizards (D:9)
  2 gnolls (D:7)
  7 orcs
  4 kobolds (D:7)
43 creatures vanquished.

Vanquished Creatures (others)
  2 hornet zombies (D:9)
  3 yak zombies (D:10)
  2 bullfrog zombies (D:9)
  A basilisk zombie (D:12)
  A centaur zombie (D:9)
  An orc wizard (D:7)
  24 orc zombies
  A kobold (D:9)
  3 kobold zombies
38 creatures vanquished.

Grand Total: 422 creatures vanquished

Notes
Turn   | Place    | Note
-------+----------+-------------------------------------------
     0 | D:1      | runemasterragnar the Demonspawn Shapeshifter began the
                  | quest for the Orb.
     0 | D:1      | Reached XP level 1. HP: 15/15 MP: 1/1
   261 | D:1      | Gained mutation: You are partially covered in sharp spines.
                  | [demonic ancestry]
   261 | D:1      | Reached XP level 2. HP: 19/21 MP: 2/2
   911 | D:1      | Reached XP level 3. HP: 27/27 MP: 3/3
  1094 | D:2      | Found Waobenul's General Store.
  1564 | D:2      | Found Othuj's Antique Weapon Shop.
  1571 | D:2      | Found Ashrilamo's Magic Scroll Shop.
  1934 | D:2      | Gained mutation: You have a pair of small horns on your
                  | head. [demonic ancestry]
  1934 | D:2      | Reached XP level 4. HP: 31/33 MP: 4/4
  2292 | D:3      | Identified the +6 chain mail of Gozag {+Blink Str+2}
  2539 | D:3      | Found the amulet of the Air {Inacc Air Fly rElec RMsl}
  2587 | D:3      | Found Kusaw's Magic Scroll Shop.
  2607 | D:3      | Bought a scroll of identify for 20 gold pieces
  2607 | D:3      | Bought a scroll of identify for 20 gold pieces
  2607 | D:3      | Bought a scroll of identify for 20 gold pieces
  2813 | D:3      | Reached skill level 1 in Evocations
  2989 | D:4      | Noticed a scorpion
  2996 | D:4      | Killed a scorpion
  2997 | D:4      | Reached XP level 5. HP: 22/39 MP: 5/5
  2998 | D:4      | Noticed Menkaure
  3161 | D:4      | Noticed Natasha
  3241 | D:4      | Killed Natasha
  3242 | D:4      | Reached skill level 1 in Armour
  3382 | D:4      | Noticed Natasha
  3389 | D:4      | Gained mutation: You sometimes gain a little power by
                  | taking damage. [demonic ancestry]
  3389 | D:4      | Reached XP level 6. HP: 38/46 MP: 6/6
  3400 | D:4      | Killed Natasha
  3410 | D:4      | Noticed Natasha
  3418 | D:4      | Killed Natasha
  3500 | D:4      | Identified the +3 sling of the Curious Servitors {flame,
                  | rCorr}
  3568 | D:4      | Noticed Edmund
  3579 | D:4      | Found a basalt altar of Yredelemnul.
  3581 | D:5      | Entered Level 5 of the Dungeon
  3854 | D:5      | Reached skill level 1 in Ranged Weapons
  3854 | D:5      | Reached XP level 7. HP: 47/52 MP: 7/7
  4116 | D:5      | Found a broken altar of Ashenzari.
  4776 | D:5      | Found a staircase to the Ecumenical Temple.
  4913 | Temple   | Entered the Ecumenical Temple
  4922 | Temple   | Became a worshipper of Makhleb the Destroyer
  4959 | D:5      | Killed Edmund
  4960 | D:5      | Gained mutation: You have an unusually large brain. (Int
                  | +2) [demonic ancestry]
  4960 | D:5      | Reached XP level 8. HP: 47/60 MP: 8/8
  5087 | D:4      | Killed Menkaure
  5088 | D:4      | Reached skill level 1 in Invocations
  5286 | D:4      | Found a large runed translucent door.
  5287 | D:4      | Found a large runed translucent door.
  5291 | D:4      | Found a large runed translucent door.
  5291 | D:4      | Found a large runed translucent door.
  5327 | D:4      | Reached skill level 5 in Shapeshifting
  5988 | D:4      | Reached skill level 2 in Invocations
  6293 | D:5      | HP: 3/60 [poisoned by a scorpion]
  6295 | D:5      | HP: 1/60 [poisoned by a scorpion]
  6766 | D:6      | Found a sparkling altar of Nemelex Xobeh.
  6791 | D:6      | Reached skill level 5 in Unarmed Combat
  6791 | D:6      | Reached skill level 3 in Invocations
  6905 | D:6      | Noticed Grinder
  6928 | D:6      | Killed Grinder
  6929 | D:6      | Reached XP level 9. HP: 55/66 MP: 11/11
  7006 | D:6      | Found an opulent altar of Gozag.
  7011 | D:6      | Found a hazy altar of Hepliaklqana.
  7011 | D:6      | Found an ancient bone altar of Kikubaaqudgha.
  7022 | D:6      | Found a snail-covered altar of Cheibriados.
  7025 | D:6      | Found a hide-covered altar of Uskayaw.
  7054 | D:6      | Found a sacrificial altar of Ru.
  7216 | D:6      | Found a shimmering blue altar of Sif Muna.
  7330 | D:7      | Reached * piety under Makhleb
  7333 | D:7      | Reached skill level 5 in Fighting
  7335 | D:7      | Reached skill level 4 in Invocations
  7371 | D:7      | Found Ton Huov's Magic Scroll Emporium.
  7397 | D:7      | Bought 2 scrolls of identify for 56 gold pieces
  7397 | D:7      | Bought a scroll of identify for 28 gold pieces
  8163 | D:8      | Found Qeicioh's Armour Boutique.
  8421 | D:8      | Found Ywainem's Antique Armour Shop.
  8441 | D:8      | Reached skill level 5 in Invocations
  8570 | D:8      | Reached skill level 5 in Evocations
  8798 | D:8      | Gained mutation: You sometimes gain power by taking damage.
                  | [demonic ancestry]
  8798 | D:8      | Reached XP level 10. HP: 41/76 MP: 12/14
  9147 | D:9      | Noticed Erolcha
  9148 | D:9      | Noticed Pikel
  9187 | D:9      | Found a flagged portal.
  9197 | Bailey   | Entered a bailey
  9297 | Bailey   | Reached skill level 5 in Armour
  9353 | Bailey   | Noticed a two-headed ogre
  9360 | Bailey   | Killed a two-headed ogre
  9361 | Bailey   | Reached skill level 6 in Invocations
  9362 | Bailey   | Reached ** piety under Makhleb
  9575 | Bailey   | HP: 1/77 [spriggan/+0 trident (13)]
  9893 | D:9      | Reached skill level 1 in Long Blades
 10039 | D:9      | Killed Pikel
 10040 | D:9      | Reached skill level 7 in Invocations
 10276 | D:9      | Noticed a two-headed ogre
 10293 | D:9      | Killed a two-headed ogre
 10294 | D:9      | Gained mutation: You have a pair of horns on your head.
                  | [demonic ancestry]
 10294 | D:9      | Reached XP level 11. HP: 27/84 MP: 16/16
 10558 | D:9      | Killed Erolcha
 10678 | D:9      | Found a radiant altar of Vehumet.
 10782 | D:9      | Noticed Jeremiah
 11512 | D:9      | Noticed a two-headed ogre
 11525 | D:9      | Killed a two-headed ogre
 11653 | D:10     | Entered Level 10 of the Dungeon
 11653 | D:10     | Found a staircase to the Orcish Mines.
 11842 | D:10     | Reached skill level 8 in Invocations
 11875 | D:10     | Reached *** piety under Makhleb
 12091 | D:10     | Reached skill level 5 in Long Blades
 12487 | D:10     | Found a staircase to the Lair.
 12520 | D:10     | Found a runed translucent gate.
 12520 | D:10     | Found a runed translucent gate.
 12521 | D:10     | Found a runed translucent gate.
 12631 | D:10     | Noticed knightboat's ghost (journeyman DEEE)
 12652 | D:11     | Noticed a centaur warrior
 12652 | D:11     | Noticed a sphinx
 12652 | D:11     | Noticed a boulder beetle
 12652 | D:11     | Found a runed translucent gate.
 12653 | D:11     | Noticed ojifijod's ghost (novice FoFi)
 12683 | D:11     | Noticed a green ugly thing
 12725 | D:11     | Found a runed translucent gate.
 12729 | D:11     | Found a runed translucent gate.
 13054 | D:11     | Noticed a four-headed hydra
 13063 | D:11     | Killed a four-headed hydra
 13064 | D:11     | Reached skill level 9 in Invocations
 13164 | D:11     | Noticed Nergalle
 13171 | D:11     | Killed Nergalle
 13172 | D:11     | Gained mutation: You are mostly covered in sharp spines.
                  | [demonic ancestry]
 13172 | D:11     | Reached XP level 12. HP: 38/91 MP: 18/18
 13621 | D:11     | Noticed Amaemon
 13633 | D:11     | Killed Amaemon
 14185 | D:12     | Found Kupinam's Weapon Emporium.
 14726 | Lair:1   | Entered Level 1 of the Lair of Beasts
 14746 | Orc:1    | Entered Level 1 of the Orcish Mines
 14782 | Orc:1    | Reached **** piety under Makhleb
 15014 | Orc:1    | Noticed an orc warlord
 15025 | Orc:2    | Entered Level 2 of the Orcish Mines
 15072 | Orc:2    | Reached skill level 10 in Invocations
 16285 | Orc:2    | Found a staircase to the Elven Halls.
 16449 | Orc:2    | Noticed Maurice
 16458 | Orc:2    | Killed Maurice
 17073 | Orc:2    | Noticed Snorg
 17085 | Orc:2    | Killed Snorg
 17380 | Orc:2    | Found Secomie's General Store.
 17383 | Orc:2    | Found Gutimoqone's Magic Scroll Emporium.
 17609 | Orc:2    | Gained mutation: You have an extremely huge brain. (Int +4)
                  | [demonic ancestry]
 17609 | Orc:2    | Reached XP level 13. HP: 78/101 MP: 20/20
 18616 | Orc:2    | Paralysed by an orc sorcerer for 2 turns
 18682 | Orc:2    | Slain by a demonspawn

Illustrated notes

Levels and vault maps discovered:
D:1:      roderic_crop_circles_arrival_small, layout_basic
D:2:      layout_basic, serial_shops, shop, nicolae_shop_window_shopping, shop
D:3:      layout_loops_ring, serial_shops, shop
D:4:      layout_layer_cave, mainiacjoe_overflow_chevrons,
          minmay_hollow_rounded_squares, uniq_menkaure, uniq_edmund,
          uniq_natasha
D:5:      layout_basic, nicolae_ashenzari_skybound, temple_green
D:6:      layout_cave_pools, mainiacjoe_overflow_small_starburst,
          mainiacjoe_overflow_concentric_impassable,
          mainiacjoe_overflow_surrounded_room, minmay_overflow_temple_star_hex,
          uniq_grinder
D:7:      layout_cave_pools, serial_shops, shop, serial_park, serial_park_gazebo
          [serial_park_minivault_5x5_1], serial_park_square1
          [serial_park_minivault_5x5_4], serial_park_avenue1,
          serial_park_tiny_pond
D:8:      layout_basic, serial_shops, nicolae_shop_scrapyard, nicolae_shop_stone
D:9:      layout_basic, chequers_temple_overflow_statue_of_worship,
          enter_bailey_6, serial_bayou, serial_bayou_pond_b,
          serial_bayou_lagoon_a, serial_bayou_crossing, serial_bayou_pond_e,
          columned_hall_lemuel, minivault_4, uniq_erolcha, uniq_jeremiah,
          uniq_pikel
D:10:     layout_big_octagon, lair_entry_dummy, david_orc_3,
          ebering_ghost_rock_garden, chequers_serial_rivers_large_a
D:11:     nrook_guardian_serpent_snake_passage, layout_small_grid,
          gammafunk_ghost_split, hangedman_abyss_or_decor_passed, uniq_amaemon,
          uniq_nergalle
D:12:     layout_roguey, serial_shops, shop, uniq_rupert
Temple:   nicolae_temple_two_arcs
Lair:1:   statuecave_lemuel, layout_regular_city
Orc:1:    layout_caves
Orc:2:    pf_orc_diabolical, layout_diamond_mine, minmay_orc_temple_a,
          uniq_snorg, uniq_maurice

Skill      XL: |  1  2  3  4  5  6  7  8  9 10 11 12 13 |
---------------+----------------------------------------+-----
Shapeshifting  | 3 4 5 6 |  6.0
Unarmed Combat | 3 4 5 6 |  6.5
Fighting       | 2 3 4 5 7 8 9 |  9.5
Evocations     | 1 2 3 4 5 6 7 8 9 |  9.0
Armour         | 1 2 3 4 6 7 8 |  8.4
Ranged Weapons | 1 2 3 4 |  4.4
Invocations    | 3 5 7 9 10 | 10.9
Long Blades    | 2 6 8 |  8.9
Dodging        | |  1.7

Action                     |  1- 3 |  4- 6 |  7- 9 | 10-12 | 13-15 || total
---------------------------+-------+-------+-------+-------+-------++-------
  Melee: Unarmed           |   113 |   105 |   235 |    32 |       ||   485
         Headbutt          |       |    16 |    30 |    59 |     5 ||   110
         Punch             |       |     1 |     9 |    15 |     3 ||    28
         Double sword      |       |       |       |   399 |    44 ||   443
   Fire: Sling             |       |    16 |    72 |    48 |     1 ||   137
 Invoke: Minor Destruction |       |       |       |     7 |       ||     7
         Lesser Servant of |       |       |       |    14 |     1 ||    15
         Major Destruction |       |       |       |     1 |     3 ||     4
Ability: Evoke Blink       |       |       |       |     1 |       ||     1
  Evoke: Wand              |       |       |     7 |    27 |     2 ||    36
         Box of beasts     |       |       |     1 |     1 |     1 ||     3
    Use: Scroll            |     2 |     3 |     9 |    13 |     1 ||    28
         Potion            |     1 |       |       |     5 |       ||     6
   Stab: Sleeping          |     2 |       |       |       |       ||     2
         Distracted        |       |       |     1 |     3 |     1 ||     5
 Armour: Animal skin       |    35 |       |       |       |       ||    35
         Ring mail         |    25 |     6 |       |       |       ||    31
         Skin              |     4 |       |       |    61 |       ||    65
         Chain mail        |       |    87 |   258 |   477 |    71 ||   893
  Dodge: Dodged            |    56 |    46 |   117 |   240 |    20 ||   479
         Repelled          |       |     1 |     3 |     7 |     2 ||    13

Table legend: (Time is in decaauts)
 A = Elapsed time spent in this place.
 B = Non-inter-level travel time spent in this place.
 C = Inter-level travel time spent in this place.
 D = Time resting spent in this place.
 E = Time spent auto-exploring this place.
 F = Levels seen in this place.
 G = Mean time per level.
                   A        B        C        D        E       F      G
               +--------+--------+--------+--------+--------+-----+--------+
         Total |  18774 |  18165 |    609 |   4845 |   9645 |  17 | 1104.4 |
       Dungeon |  14111 |  13534 |    577 |   2340 |   8425 |  12 | 1175.9 |
        Temple |     18 |     10 |      8 |      0 |      0 |   1 |   18.0 |
          Lair |      1 |      0 |      1 |      0 |      0 |   1 |    1.0 |
  Orcish Mines |   3943 |   3921 |     22 |   2155 |   1024 |   2 | 1971.5 |
        Bailey |    699 |    699 |      0 |    350 |    196 |   1 |  699.0 |
               +--------+--------+--------+--------+--------+-----+--------+

Top non-repeatable levels by time:
   Orc:2: 3541 daAuts
     D:4: 1716 daAuts
     D:9: 1705 daAuts
     D:5: 1657 daAuts
    D:11: 1515 daAuts
     D:8: 1398 daAuts
     D:1: 1202 daAuts
     D:2: 1104 daAuts
    D:10: 969 daAuts
     D:6: 807 daAuts
     D:3: 790 daAuts
     D:7: 727 daAuts
  Bailey: 699 daAuts
    D:12: 515 daAuts
   Orc:1: 401 daAuts
